 Dungeon Crawl Stone Soup version 0.22-a0-833-g8522bf8 (webtiles) character file.

75889 BaronVonScrub the Cleaver (level 15, 0/148 HPs)
             Began as a Deep Dwarf Fighter on July 25, 2018.
             Was an Elder of Makhleb.
             Slain by a wolf spider (8 damage)
             ... on level 1 of the Spider Nest.
             The game lasted 01:54:35 (22017 turns).

BaronVonScrub the Cleaver (Deep Dwarf Fighter)     Turns: 22017, Time: 01:54:35

Health: 0/148      AC: 14    Str: 25      XL:     15   Next: 10%
Magic:  0/0        EV: 10    Int: 10      God:    Makhleb [****..]
Gold:   1039       SH: 13    Dex: 15 (16) Spells: 23/26 levels left

rFire    . . .     SeeInvis .   a - +6 war axe (protect)
rCold    + + .     Gourm    .   c - +0 shield
rNeg     + . .     Faith    .   s - +2 scale mail {rPois}
rPois    +         Spirit   +   F - +2 hat
rElec    .         Reflect  .   h - scarf {repulsion}
rCorr    .         Harm     .   q - +0 pair of gloves
MR       +++..                  (no boots)
Stlth    ..........             x - amulet of guardian spirit
HPRegen  0.00/turn              U - ring of protection from cold
MPRegen  0.07/turn              I - +4 ring of dexterity

@: non-regenerating, repel missiles
A: damage resistance, heal wounds, horns 1, blink, cold resistance 1,
deterioration 1, magic resistance 1, negative energy resistance 1, sense
surroundings 2, robust 1, evolution 1, no potion heal 1, no regeneration
a: Heal Wounds, Blink, Minor Destruction, Lesser Servant of Makhleb, Major
Destruction, Renounce Religion


You were on level 1 of the Spider Nest.
You worshipped Makhleb.
Makhleb was greatly pleased with you.
You were not hungry.

You visited 6 branches of the dungeon, and saw 25 of its levels.
You also visited: Sewer and Ice Cave.

You collected 2011 gold pieces.
You spent 972 gold pieces at shops.

Inventory:

Hand Weapons
 a - a +6 war axe of protection (weapon)
 A - a +0 battleaxe of flaming
 D - a +7 war axe of chopping
 H - the +8 whip "Snakebite" {curare, rPois}
   (You found it on level 5 of the Lair of Beasts)

   It poisons the flesh of those it strikes.
   It protects you from poison.
 M - a +0 scimitar of flaming
 R - a +2 battleaxe of freezing
Armour
 c - a +0 shield (worn)
 h - a scarf of repulsion (worn)
 q - a +0 pair of gloves (worn)
 s - a +2 scale mail of poison resistance (worn)
 y - a +2 chain mail
 C - a +0 plate armour
 F - a +2 hat (worn)
 L - a +1 scale mail of poison resistance
 S - a +3 chain mail
Jewellery
 i - an uncursed ring of protection from fire
 n - an uncursed ring of magical power
 o - an uncursed ring of protection from fire
 p - an uncursed ring of positive energy
 x - an amulet of guardian spirit (around neck)
 B - an uncursed ring of wizardry
 E - an uncursed ring of resist corrosion
 G - an uncursed ring of protection from fire
 I - a +4 ring of dexterity (right hand)
 K - an uncursed ring of positive energy
 N - an uncursed ring of see invisible
 U - a ring of protection from cold (left hand)
 X - a +2 ring of intelligence
Wands
 g - a wand of disintegration (15)
 k - a wand of paralysis (36)
 O - a wand of enslavement (17)
 P - a wand of digging (19)
 T - a wand of random effects (20)
 V - a wand of flame (22)
 Z - a wand of polymorph (26)
Scrolls
 b - 2 scrolls of amnesia
 e - 4 scrolls of magic mapping
 j - 4 scrolls of teleportation
 l - 3 scrolls of fog
 w - a scroll of holy word
 z - 8 scrolls of remove curse
 W - 5 scrolls of identify
Potions
 d - a potion of might
 m - 3 potions of flight
 r - a potion of berserk rage
 u - 3 potions of cancellation
 v - 2 potions of haste
 J - a potion of agility
 Q - a potion of brilliance
Comestibles
 f - 31 rations


   Skills:
 * Level 9.3 Fighting
 - Level 14.9 Axes
 * Level 1.1(9.3) Maces & Flails
 * Level 12.1 Armour
 - Level 1.0 Dodging
 * Level 11.8 Shields
 + Level 6.1 Spellcasting
 - Level 8.0 Necromancy
 - Level 14.2 Invocations


You had 23 spell levels left.
You knew the following spells:

 Your Spells              Type           Power        Failure   Level  Hunger
a - Vampiric Draining     Necr           ###.......   7%          3    ###....

Your spell library contained the following spells:

 Spells                   Type           Power        Failure   Level  Hunger
 Magic Dart               Conj           #...         52%         1    None
 Fireball                 Conj/Fire      #.........   100%        5    ######.
 Apportation              Tloc           #.....       52%         1    None
 Bolt of Fire             Conj/Fire      #.........   100%        6    #######
 Lightning Bolt           Conj/Air       #.........   100%        5    ######.
 Throw Frost              Conj/Ice       #.....       65%         2    ##.....
 Freezing Cloud           Conj/Ice/Air   #.........   100%        6    #######
 Mephitic Cloud           Conj/Pois/Air  #.......     87%         3    ###....
 Ring of Flames           Chrm/Fire      #.........   100%        7    #######
 Summon Small Mammal      Summ           #...         52%         1    None
 Iskenderun's Mystic Bla  Conj           #.......     99%         4    ####...
 Animate Dead             Necr           N/A          22%         4    ####...
 Pain                     Necr           ###.         2%          1    None
 Animate Skeleton         Necr           N/A          2%          1    None
 Freeze                   Ice            #...         52%         1    None
 Ozocubu's Refrigeration  Ice            #.........   100%        6    #######
 Summon Ice Beast         Ice/Summ       #.......     99%         4    ####...
 Ozocubu's Armour         Chrm/Ice       #.......     87%         3    ###....
 Regeneration             Chrm/Necr      ##........   34%         3    ###....
 Shock                    Conj/Air       #...         52%         1    None
 Swiftness                Chrm/Air       #.......     65%         2    ##.....
 Spider Form              Tmut/Pois      #.........   87%         3    ###....
 Blade Hands              Tmut           #.........   100%        5    ######.
 Ice Form                 Ice/Tmut       #.......     99%         4    ####...
 Throw Icicle             Conj/Ice       #.......     99%         4    ####...
 Airstrike                Air            #.........   99%         4    ####...
 Confusing Touch          Hex            #.....       52%         1    None
 Ignite Poison            Fire/Tmut/Pois #.......     87%         3    ###....
 Sticks to Snakes         Tmut           #.......     65%         2    ##.....
 Call Canine Familiar     Summ           #.......     87%         3    ###....
 Ensorcelled Hibernation  Hex/Ice        #.....       65%         2    ##.....
 Metabolic Englaciation   Hex/Ice        #.........   100%        5    ######.
 Summon Butterflies       Summ           #.......     52%         1    None
 Static Discharge         Conj/Air       #.......     87%         3    ###....
 Alistair's Intoxication  Tmut/Pois      #.......     100%        5    ######.
 Summon Hydra             Summ           #.........   100%        7    #######
 Shroud of Golubria       Chrm/Tloc      #.........   65%         2    ##.....
 Beastly Appendage        Tmut           #.....       52%         1    None
 Disjunction              Tloc           #.........   100%        8    #######
 Fulminant Prism          Conj/Hex       #.........   99%         4    ####...
 Dazzling Spray           Conj/Hex       #.....       87%         3    ###....
 Force Lance              Conj/Tloc      #.......     99%         4    ####...
 Searing Ray              Conj           #.....       65%         2    ##.....
 Summon Mana Viper        Hex/Summ       #.......     100%        5    ######.
 Ignition                 Fire           #.........   100%        8    #######


Dungeon Overview and Level Annotations

Branches:
Dungeon (14/15)            Temple (1/1) D:7            Lair (6/6) D:10
  Swamp (0/4) Lair:3       Spider (1/4) Lair:3        Slime (2/5) Lair:5
    Orc (1/2) D:12
 Vaults: D:13-14

Altars:
Ashenzari
Cheibriados
Dithmenos
Elyvilon
Fedhas
Gozag
Hepliaklqana
Kikubaaqudgha
Makhleb
Nemelex Xobeh
Okawaru
Qazlal
Ru
Sif Muna
Trog
Uskayaw
Vehumet
Wu Jian
Xom
Yredelemnul
Zin
The Shining One

Shops:
D:9 }   D:10 !   D:11 *

Annotations:
D:11 exclusion: ice statue
D:12 exclusion: orange crystal statue
D:14 exclusion: Roxanne, Roxanne


Innate Abilities, Weirdness & Mutations

You are resistant to damage.
You can heal yourself by infusing magical energy.
You resist negative energy. (rN+)
You passively map the area around you.
You do not regenerate.
You have a pair of small horns on your head.
You can translocate small distances at will.
Your flesh is cold resistant. (rC+)
Your body sometimes deteriorates upon taking damage.
You are resistant to hostile enchantments. (MR+)
You are robust. (+10% HP)
You evolve.
Potions are less effective at restoring your health.


Message History

Your neqoxec dies!
Your white imp disappears in a puff of smoke!
What are your orders? t - Shout!
Orders for allies: a - Attack new target. r - Retreat! s - Stop attacking. g - Guard the area. f - Follow me.
Anything else - Cancel.
Gang up on whom?
Press: ? - help, Dir - move target cursor, f - wolf spider
Aim: a wolf spider Attack!
Your ynoxinul hits the wolf spider! You block the wolf spider's attack.
The wolf spider bites you. The wolf spider closely misses you.
You block the wolf spider's attack.
Your ynoxinul hits the wolf spider but does no damage.
You swap places.
The tarantella closely misses your ynoxinul.
The wolf spider barely misses you. x2; Your ynoxinul hits the wolf spider.
The wolf spider hits you!
You die...

,, .., ##..##*###...##... ,
,, #. ..#..#........#... *,
#.. .................. * ,*
* #.. #.. ....#......... *
####..##.#*....##.##.....
,,, , .........##.#
....##.##.. ,,,
,.......3s...##.......##..
*,* *
##.##...s................ *
** *, #...@................
, ,, * , *
#.##..#.###.....##.#. , *
..# #..##.....####.#.. , ###
##. #.###..#.#..##.##. *
#.########
,#.....##....#.###. #
##....##..#*##.............#
## ###.#.....###
#.............## #
#..#.......# #.............#
.##........##
#............##


You could see a wolf spider, a tarantella and a friendly ynoxinul.

Vanquished Creatures
  2 acid blobs (Slime:1)
  An emperor scorpion (Spider:1)
  An entropy weaver (Spider:1)
  Azrael (D:14)
  6 dire elephants (Lair:6)
  A fire dragon (Lair:5)
  3 great orbs of eyes
  A vault guard (D:14)
  2 hydras
  An anaconda (Lair:6)
  Erica (Lair:1)
  2 centaur warriors
  The ghost of Annan the Basher, a journeyman GrFi of Makhleb (D:11)
  A death yak (IceCv)
  A two-headed ogre (D:8)
  A tengu warrior (D:13)
  The ghost of Caerwyn the Slicer, a journeyman VSFi of Uskayaw (D:11)
  Sonja (D:10)
  Nergalle (D:11)
  2 unseen horrors
  4 lindwurms (Lair:6)
  Pikel (D:6)
  A deep elf mage (D:13)
  An orb spider (Spider:1)
  An orc knight (Orc:1)
  A manticore (D:13)
  2 shining eyes (Slime:1)
  2 orc sorcerers (Orc:1)
  3 ugly things
  3 cyclopes
  A moth of wrath (Spider:1)
  14 elephants
  3 black mambas
  6 spiny frogs
  A centaur zombie (D:11)
  3 rime drakes
  2 komodo dragons
  6 ice devils (D:11)
  A jumping spider (Spider:1)
  2 trolls
  17 polar bears (IceCv)
  The ghost of Vlans the Conjurer, an amateur DrFE (D:4)
  5 hippogriffs
  Prince Ribbit (D:8)
  26 slime creatures
  A meliai zombie (D:12)
  A shadow (D:14)
  A tarantella (Spider:1)
  5 redbacks
  2 water elementals (D:14)
  A wraith (D:14)
  A tarantella (shapeshifter) (D:14)
  4 hogs (D:7)
  27 yaks
  4 fire elementals (D:14)
  A basilisk (Lair:4)
  2 steam dragons
  A human (D:7)
  4 hungry ghosts
  A warg (Orc:1)
  A soldier ant (D:12)
  11 water moccasins
  An acid dragon (D:14)
  2 hell hounds (D:14)
  9 orc warriors
  A swamp drake (Lair:3)
  11 porcupines
  3 black bears
  A hornet zombie (D:11)
  2 necrophages
  5 ice beasts
  6 sky beasts
  A phantom (D:12)
  2 eyes of draining (Slime:1)
  12 wolves
  6 centaurs
  9 ogres
  7 crocodiles
  4 big kobolds
  20 bullfrogs
  A wyvern zombie (D:9)
  2 gnoll sergeants (D:12)
  2 wyvern skeletons
  3 scorpions
  12 wights
  26 killer bees
  2 electric eels (D:14)
  2 howler monkeys
  9 crimson imps
  5 bullfrog zombies
  9 jellies
  5 orc priests
  Crazy Yiuf (D:3)
  3 hounds
  10 orc wizards
  Ijyb (D:4)
  3 bullfrog skeletons
  3 centaur skeletons
  8 iguanas
  9 worker ants
  Natasha (thrice) (D:4)
  2 worker ant zombies
  11 gnolls
  A howler monkey skeleton (D:4)
  20 adders
  8 shadow imps
  6 ufetubi (D:11)
  15 oozes
  An adder zombie (D:5)
  2 worms
  8 leopard geckos
  42 orcs
  5 ball pythons
  7 bats
  15 giant cockroaches
  4 goblins
  13 hobgoblins
  6 jackals
  6 quokkas
  6 frilled lizards
  A giant cockroach zombie (D:5)
  18 kobolds
  8 rats
  3 fungi
  5 plants
641 creatures vanquished.

Vanquished Creatures (collateral kills)
  The ghost of Annan the Basher, a journeyman DsGl of Makhleb (D:11)
  A hydra (D:12)
  An orb spider (Spider:1)
  A wolf spider (Spider:1)
  A tarantella (Spider:1)
  2 redbacks (Spider:1)
  2 orcs (D:12)
9 creatures vanquished.

Vanquished Creatures (others)
  2 yaks (IceCv)
  An orc warrior (D:14)
  4 wolves (IceCv)
  3 wights (D:14)
  A crimson imp (D:6)
  2 orc priests
  An orc wizard (D:6)
  3 orcs
  5 fungi (D:7)
  2 plants (Lair:6)
  4 withered plants (D:11)
28 creatures vanquished.

Grand Total: 678 creatures vanquished

Notes
Turn   | Place    | Note
-------+----------+-------------------------------------------
     0 | D:1      | BaronVonScrub the Deep Dwarf Fighter began the quest for the Orb.
     0 | D:1      | Reached XP level 1. HP: 20/20 MP: 1/1
    86 | D:1      | Reached XP level 2. HP: 21/27 MP: 2/2
   341 | D:1      | Reached XP level 3. HP: 23/34 MP: 3/3
   921 | D:2      | Reached XP level 4. HP: 30/42 MP: 4/4
  1026 | D:2      | Reached skill level 1 in Dodging
  1484 | D:3      | Found a blossoming altar of Fedhas.
  1601 | D:3      | Found a runed door.
  1972 | D:3      | Noticed a necrophage
  1978 | D:3      | Killed a necrophage
  1978 | D:3      | Reached XP level 5. HP: 49/49 MP: 5/5
  2193 | D:3      | Noticed Crazy Yiuf
  2332 | D:3      | Killed Crazy Yiuf
  2485 | D:4      | Reached XP level 6. HP: 45/57 MP: 5/5
  2497 | D:4      | Found a glowing drain.
  2561 | Sewer    | Entered a sewer
  2702 | Sewer    | Reached skill level 5 in Axes
  2787 | Sewer    | Got a crude ring mail
  2819 | Sewer    | Identified the cursed +1 ring mail of the Hidden Vale {Int+4} (You found it in a sewer)
  3021 | D:4      | Noticed Natasha
  3026 | D:4      | Killed Natasha
  3047 | D:4      | Noticed Ijyb
  3058 | D:4      | Reached XP level 7. HP: 42/63 MP: 5/5
  3063 | D:4      | Killed Ijyb
  3090 | D:4      | Noticed Natasha
  3098 | D:4      | Killed Natasha
  3165 | D:4      | Noticed Natasha
  3181 | D:4      | Killed Natasha
  3283 | D:4      | Found a runed door.
  3283 | D:4      | Noticed Vlans's ghost (amateur DrFE)
  3421 | D:4      | Killed Vlans's ghost
  3421 | D:4      | Reached skill level 5 in Armour
  3421 | D:4      | Reached skill level 5 in Shields
  3463 | D:5      | Entered Level 5 of the Dungeon
  3600 | D:5      | Reached XP level 8. HP: 37/73 MP: 5/5
  4226 | D:6      | Noticed Pikel
  4232 | D:6      | Reached skill level 5 in Fighting
  4236 | D:6      | Killed Pikel
  4236 | D:6      | Gained mutation: You passively map the area around you. [Deep Dwarf growth]
  4236 | D:6      | Reached XP level 9. HP: 57/81 MP: 5/5
  4495 | D:6      | Found an iron altar of Okawaru.
  4495 | D:6      | Found an opulent altar of Gozag.
  4495 | D:6      | Found a shadowy altar of Dithmenos.
  4678 | D:6      | Found a white marble altar of Elyvilon.
  4814 | D:6      | Found a basalt altar of Yredelemnul.
  4921 | D:6      | Found a snail-covered altar of Cheibriados.
  5171 | D:7      | Reached skill level 10 in Axes
  5386 | D:7      | Found a staircase to the Ecumenical Temple.
  6050 | D:7      | Reached XP level 10. HP: 21/91 MP: 4/4
  6123 | Temple   | Entered the Ecumenical Temple
  6601 | D:8      | Noticed Prince Ribbit
  6602 | D:8      | Noticed a two-headed ogre
  6626 | D:8      | Killed a two-headed ogre
  6646 | D:8      | Killed Prince Ribbit
  7252 | D:8      | Learned a level 3 spell: Vampiric Draining
  7353 | D:9      | Reached skill level 1 in Necromancy
  7563 | D:9      | Reached skill level 1 in Spellcasting
  7686 | D:9      | Found Ijecod Eghyp's Gadget Emporium.
  7814 | D:9      | Found a burning altar of Makhleb.
  7819 | D:9      | Noticed an Executioner
  7821 | D:9      | Found a glowing silver altar of Zin.
  7822 | D:9      | Noticed an angel
  7842 | D:9      | Became a worshipper of Makhleb the Destroyer
  8029 | D:10     | Entered Level 10 of the Dungeon
  8277 | D:10     | Found a staircase to the Lair.
  8324 | D:10     | Found a snail-covered altar of Cheibriados.
  8383 | D:10     | Reached XP level 11. HP: 69/100 MP: 5/5
  8386 | D:10     | Reached * piety under Makhleb
  8654 | D:10     | Noticed Sonja
  8670 | D:10     | Killed Sonja
  8684 | D:10     | Found Jathejushe's Distillery.
  8687 | D:10     | Bought a potion of mutation for 104 gold pieces
  8687 | D:10     | Bought a potion of heal wounds for 65 gold pieces
  8687 | D:10     | Bought a potion of ambrosia for 104 gold pieces
  8687 | D:10     | Gained mutation: You evolve. [potion of mutation]
  8687 | D:10     | Gained mutation: You are partially covered in thin metallic scales. (AC +2) [potion of mutation]
  8924 | D:11     | Gained mutation: You have an increased reservoir of magic. (+10% MP) [evolution]
  8987 | D:11     | Found a runed gate.
  8987 | D:11     | Found a runed gate.
  8987 | D:11     | Found a runed gate.
  8991 | D:11     | Noticed Annan's ghost (journeyman GrFi)
  8993 | D:11     | Noticed Annan's ghost (journeyman DsGl)
  8993 | D:11     | Noticed Caerwyn's ghost (journeyman VSFi)
  9054 | D:11     | Reached skill level 1 in Invocations
  9119 | D:11     | Noticed a cyan ugly thing
  9143 | D:11     | Killed a cyan ugly thing
  9242 | D:11     | Reached ** piety under Makhleb
  9375 | D:11     | Reached skill level 5 in Necromancy
  9487 | D:11     | Reached skill level 5 in Invocations
  9527 | D:11     | Noticed Nergalle
  9551 | D:11     | Killed Nergalle
  9694 | D:11     | Found Lbaajel's Luxury Loot.
  9732 | D:11     | Noticed a green ugly thing
  9745 | D:11     | Killed a green ugly thing
 10241 | Lair:1   | Entered Level 1 of the Lair of Beasts
 10321 | Lair:1   | Found a labyrinth entrance.
 10482 | Lair:1   | Noticed Erica
 10495 | Lair:1   | Killed Erica
 10495 | Lair:1   | Reached XP level 12. HP: 78/109 MP: 9/9
 10506 | Lair:1   | Found a transporter.
 10847 | Lair:1   | Found a transporter.
 10893 | Lair:2   | Found a frozen archway.
 10958 | IceCv    | Entered an ice cave
 11117 | IceCv    | Reached *** piety under Makhleb
 11148 | IceCv    | Reached skill level 10 in Invocations
 11307 | IceCv    | Reached skill level 5 in Spellcasting
 11374 | IceCv    | Noticed a death yak
 11374 | IceCv    | Noticed a frost giant
 11598 | IceCv    | Killed a death yak
 11636 | IceCv    | Identified the Grimoire of the Frostbite
 12320 | Lair:3   | Lost mutation: You have an increased reservoir of magic. (+10% MP) [potion of mutation]
 12320 | Lair:3   | Lost mutation: You are partially covered in thin metallic scales. (AC +2) [potion of mutation]
 12320 | Lair:3   | Gained mutation: You are robust. (+10% HP) [potion of mutation]
 12320 | Lair:3   | Gained mutation: Your body sometimes deteriorates upon taking damage. [potion of mutation]
 12320 | Lair:3   | Gained mutation: You can translocate small distances at will. [potion of mutation]
 12320 | Lair:3   | Gained mutation: Your flesh is cold resistant. (rC+) [potion of mutation]
 12407 | Lair:3   | Reached **** piety under Makhleb
 12632 | Lair:3   | Reached XP level 13. HP: 126/126 MP: 6/6
 12881 | Lair:3   | Found a staircase to the Swamp.
 13024 | Lair:3   | Found a hole to the Spider Nest.
 14254 | Lair:5   | Found the +8 whip "Snakebite" {curare, rPois}
 14434 | Lair:5   | Found a staircase to the Slime Pits.
 14452 | Lair:5   | Noticed a fire dragon
 14452 | Lair:5   | a nine-headed hydra changed into a fire dragon
 14493 | Lair:5   | Killed a fire dragon
 14930 | Lair:6   | Entered Level 6 of the Lair of Beasts
 15623 | Lair:6   | Found the +5 scythe "Finisher" {speed, Str+3}
 15744 | Lair:6   | Noticed a dire elephant
 15744 | Lair:6   | Noticed a dire elephant
 15760 | Lair:6   | Killed a dire elephant
 15764 | Lair:6   | Noticed a dire elephant
 15766 | Lair:6   | Killed a dire elephant
 15781 | Lair:6   | Killed a dire elephant
 15891 | Lair:6   | Noticed a dire elephant
 15891 | Lair:6   | Noticed a dire elephant
 15900 | Lair:6   | Killed a dire elephant
 15911 | Lair:6   | Killed a dire elephant
 16012 | Lair:6   | Reached skill level 10 in Shields
 16115 | Lair:6   | Noticed a dire elephant
 16137 | Lair:6   | Killed a dire elephant
 16417 | Lair:5   | Gained mutation: You have a pair of small horns on your head. [evolution]
 16642 | D:11     | Identified Mufius's Tome of Noxious Dislocation
 16716 | D:11     | Killed Annan's ghost
 16716 | D:11     | Reached skill level 10 in Armour
 16810 | D:11     | Killed Annan's ghost
 16815 | D:11     | Killed Caerwyn's ghost
 16923 | D:12     | Gained mutation: You resist negative energy. (rN+) [Deep Dwarf growth]
 16923 | D:12     | Reached XP level 14. HP: 136/136 MP: 2/2
 17408 | D:12     | Found a staircase to the Orcish Mines.
 18635 | D:14     | Noticed Roxanne
 18812 | D:14     | Noticed Azrael
 18847 | D:14     | Killed Azrael
 19142 | D:10     | Bought a potion of curing for 39 gold pieces
 19336 | Slime:1  | Entered Level 1 of the Pits of Slime
 19339 | Slime:1  | Noticed an acid blob
 19349 | Slime:1  | Killed an acid blob
 19441 | Slime:1  | Noticed an acid blob
 19453 | Slime:1  | Killed an acid blob
 19460 | Slime:1  | Gained mutation: Potions are less effective at restoring your health. [a shining eye]
 19858 | Slime:2  | Noticed an acid blob
 19859 | Slime:2  | Noticed an acid blob
 19860 | Slime:2  | Noticed an azure jelly
 20111 | D:12     | Gained mutation: You are resistant to hostile enchantments. (MR+) [evolution]
 20140 | Orc:1    | Entered Level 1 of the Orcish Mines
 20231 | Orc:1    | Reached ***** piety under Makhleb
 21154 | D:9      | Bought a box of beasts for 220 gold pieces
 21154 | D:9      | Bought a sack of spiders for 220 gold pieces
 21154 | D:9      | Bought a box of beasts for 220 gold pieces
 21392 | Spider:1 | Entered Level 1 of the Spider Nest
 21406 | Spider:1 | Reached XP level 15. HP: 23/148 MP: 1/1
 21643 | Spider:1 | Reached skill level 1 in Maces & Flails
 21931 | Spider:1 | HP: 7/148 [emperor scorpion (2)]
 22017 | Spider:1 | Slain by a wolf spider

Vault maps used:
D:1:      sevenhm_arrival_forest_fort_small_6, minmay_misc_feat_cross,
          corexii_leaking_fountain
D:2:      serial_bayou_lake_a
D:3:      first_ration, fedhas_altar_2, uniq_crazy_yiuf_cottage
D:4:      gup_sewer_entry_glass, gammafunk_ghost_grave, uniq_ijyb, uniq_natasha
D:6:      minitemple, kennysheep_ying_yang, uniq_pikel
D:7:      lemuel_slime, minmay_temple_entry_nine_rooms, grunt_livestock
D:8:      uniq_prince_ribbit1
D:9:      grunt_temple_overflow_order_and_chaos_2, serial_shops, shop
D:10:     lair_entry_dummy, serial_shops, nicolae_shop_behind_doors,
          cheibriados_altar_1, uniq_sonja
D:11:     cheibrodos_frozen_isle, gammafunk_ghost_cemetery,
          nicolae_alphabet_shops, uniq_nergalle
D:12:     kennysheep_orc_monster_closet_entryway, minivault_16
D:14:     david_vaults_4, chequers_big_river, serial_shops, bzr_firewalk,
          enter_trove_6, basic_altar, hex_tiny, dk_noncrumbling_2,
          minmay_misc_feat_tower, uniq_josephine, uniq_azrael, uniq_roxanne
Temple:   eino_temple_water
Lair:1:   gammafunk_cloud_chamber, lab_entry_generic, uniq_erica
Lair:2:   portal_ice_cave_rime
Lair:3:   minmay_swamp_entry_reptiles, spider_nest_entry_rubble,
          nicolae_quartered_pool_medium, serial_bayou_pond_e
Lair:4:   infiniplex_staircase_pool
Lair:5:   minmay_guarded_unrand_snakebite, slime_dummy
Lair:6:   due_jungle_book, minivault_26, minmay_lindwurm_lava,
          infiniplex_staircase_pool_2
Spider:1: hangedman_spider_tarantella_strand
Orc:1:    cheibrodos_orc_bank
Sewer:    sewer_frog_island_01
IceCv:    ice_cave_caverns_02

Skill      XL: |  1  2  3  4  5  6  7  8  9 10 11 12 13 14 15 |
---------------+----------------------------------------------+-----
Fighting       | 3 4 5 6 7 8 9 |  9.3
Axes           | 3 4 5 7 9 11 12 13 14 | 14.9
Dodging        | 1 |  1.0
Armour         | 4 5 6 8 10 11 12 | 12.1
Shields        | 4 5 6 7 8 10 11 | 11.8
Necromancy     | 2 5 7 8 |  8.0
Spellcasting   | 1 4 5 6 |  6.1
Invocations    | 8 13 14 | 14.2
Maces & Flails | 1 |  1.1

Action                   |  1- 3 |  4- 6 |  7- 9 | 10-12 | 13-15 || total
-------------------------+-------+-------+-------+-------+-------++-------
Melee: War axe           |   123 |   185 |   374 |  1107 |   941 ||  2730
       Headbutt          |       |       |       |       |   144 ||   144
       Battleaxe         |       |       |       |       |    12 ||    12
Invok: Minor Destruction |       |       |       |    96 |    53 ||   149
       Lesser Servant of |       |       |       |       |    29 ||    29
       Major Destruction |       |       |       |       |     1 ||     1
 Abil: Heal Wounds       |     1 |     5 |    13 |    57 |    32 ||   108
Evoke: Wand              |       |       |       |    26 |    10 ||    36
       Sack of spiders   |       |       |       |       |     6 ||     6
       Box of beasts     |       |       |       |       |     6 ||     6
       Phantom mirror    |       |       |       |       |     1 ||     1
  Use: Scroll            |     7 |     6 |     8 |    16 |    15 ||    52
       Potion            |       |     4 |     1 |    10 |    24 ||    39
 Stab: Invisible         |       |       |       |    12 |       ||    12
       Distracted        |       |       |       |       |     2 ||     2
  Eat: Chunk             |       |     7 |    11 |    22 |     2 ||    42
       Ration            |       |       |       |     3 |     9 ||    12
Armor: Scale mail        |    69 |   100 |       |       |    32 ||   201
       Ring mail         |       |     4 |   127 |     3 |       ||   134
       Chain mail        |       |       |       |   756 |   299 ||  1055
       Skin              |       |       |       |       |    41 ||    41
       Plate armour      |       |       |       |       |    45 ||    45
Dodge: Dodged            |    50 |    59 |    72 |   384 |   210 ||   775
       Deflected         |       |       |       |       |    13 ||    13
Block: Shield            |    79 |   108 |   158 |   831 |   512 ||  1688

Table legend:
 A = Spawn XP
 B = Non-spawn XP
 C = Spawn XP percentage of total XP
 D = Spawn monster count
 E = Non-spawn monster count
 F = Spawn count percentage of total count
 G = Total turns spent on level
                    A         B        C        D         E        F      G
               +---------+---------+-------+---------+---------+-------+---------
         Total |       0 |  108414 |   0.0 |       0 |     643 |   0.0 | 22017
               +---------+---------+-------+---------+---------+-------+---------
           D:1 |       0 |      65 |   0.0 |       0 |      24 |   0.0 |   748
           D:2 |       0 |      57 |   0.0 |       0 |      17 |   0.0 |   590
           D:3 |       0 |     204 |   0.0 |       0 |      14 |   0.0 |  1093
           D:4 |       0 |     718 |   0.0 |       0 |      19 |   0.0 |   762
           D:5 |       0 |     950 |   0.0 |       0 |      25 |   0.0 |   664
           D:6 |       0 |    1246 |   0.0 |       0 |      16 |   0.0 |   998
           D:7 |       0 |    2136 |   0.0 |       0 |      41 |   0.0 |  1062
           D:8 |       0 |    2379 |   0.0 |       0 |      21 |   0.0 |   797
           D:9 |       0 |    1217 |   0.0 |       0 |      28 |   0.0 |   849
          D:10 |       0 |    4283 |   0.0 |       0 |      42 |   0.0 |  1116
          D:11 |       0 |    9078 |   0.0 |       0 |      54 |   0.0 |  1676
          D:12 |       0 |    7512 |   0.0 |       0 |      65 |   0.0 |  1209
          D:13 |       0 |    7019 |   0.0 |       0 |      26 |   0.0 |   871
          D:14 |       0 |    8947 |   0.0 |       0 |      36 |   0.0 |   396
        Lair:1 |       0 |    2202 |   0.0 |       0 |      11 |   0.0 |   790
        Lair:2 |       0 |    1653 |   0.0 |       0 |       7 |   0.0 |   767
        Lair:3 |       0 |    5838 |   0.0 |       0 |      23 |   0.0 |   905
        Lair:4 |       0 |    1347 |   0.0 |       0 |       6 |   0.0 |   784
        Lair:5 |       0 |    6208 |   0.0 |       0 |      22 |   0.0 |  1474
        Lair:6 |       0 |   14343 |   0.0 |       0 |      22 |   0.0 |  1428
      Spider:1 |       0 |    5841 |   0.0 |       0 |      15 |   0.0 |   625
       Slime:1 |       0 |    8526 |   0.0 |       0 |      12 |   0.0 |   534
       Slime:2 |       0 |    4160 |   0.0 |       0 |      10 |   0.0 |    77
         Orc:1 |       0 |    2309 |   0.0 |       0 |      25 |   0.0 |   447
         Sewer |       0 |     167 |   0.0 |       0 |      19 |   0.0 |   270
         IceCv |       0 |   10009 |   0.0 |       0 |      43 |   0.0 |   797
               +---------+---------+-------+---------+---------+-------+---------
